 Dungeon Crawl Stone Soup version 0.31.0-9-g3a7656b989 (console) character file.

Game seed: 13896503200222982382

1064 AlterAsc the Cleaver (level 8, -5/53 (58) HPs)
             Began as a Formicid Fighter on Jan 28, 2024.
             Was a Follower of Okawaru.
             Slain by a wight
             ... wielding a +2 halberd
              (10 damage)
             ... on level 6 of the Dungeon.
             The game lasted 00:09:51 (4883 turns).

AlterAsc the Cleaver (Formicid Fighter)             Turns: 4883, Time: 00:09:52

HP:   -5/53 (58)    AC: 10    Str: 22    XL:     8   Next: 52%
MP:   8/9           EV:  8    Int:  9    God:    Okawaru [*.....]
Gold: 161           SH:  5    Dex: 13    Spells: 7/7 levels left

rFire   . . .        m - +1 executioner's axe (freeze)
rCold   . . .        c - +0 buckler
rNeg    . . .        w - +0 chain mail
rPois   .            (helmet unavailable)
rElec   .            (no cloak)
rCorr   +            (no gloves)
SInv    +            o - +0 pair of boots
Will    .....        (no amulet) Stlth
                     p - ring of resist corrosion
HPRegen 0.28/turn    (no ring)
MPRegen 0.11/turn

%: no passive effects
@: drained
A: permanent stasis, dig shafts and tunnels, antennae 3, four strong arms
a: Dig, Shaft Self, Renounce Religion, Heroism


You were on level 6 of the Dungeon.
You worshipped Okawaru.
Okawaru was aware of your devotion.
You visited 2 branches of the dungeon, and saw 7 of its levels.

You collected 161 gold pieces.

Inventory:

Hand Weapons
 a - a +0 war axe
 m - a +1 executioner's axe of freezing (weapon)
Missiles
 g - 11 poisoned darts (quivered)
Armour
 b - a +0 scale mail
 c - a +0 buckler (worn)
 o - a +0 pair of boots (worn)
 w - a +0 chain mail (worn)
Jewellery
 n - an amulet of faith
 p - a ring of resist corrosion (left hand)
 t - an amulet of magic regeneration
 x - a ring of fire
Wands
 d - a wand of flame (24)
 y - a wand of mindburst (8)
Scrolls
 f - 2 scrolls of vulnerability {unknown}
 h - a scroll of summoning {unknown}
 i - a scroll of revelation
 j - a scroll of noise
 k - 2 scrolls of blinking {unknown}
 q - 2 scrolls of immolation {unknown}
 s - a scroll of identify
Potions
 l - a potion of heal wounds {unknown}
 r - 2 potions of magic {unknown}
 u - 2 potions of mutation {unknown}
 v - a potion of lignification {unknown}
 z - a potion of might


   Skills:
 - Level 3.2 Fighting
 + Level 9.6 Axes
 - Level 3.2 Armour
 - Level 4.0 Shields
 + Level 1.4 Invocations


You had 7 spell levels left.
You didn't know any spells.
Your spell library contained the following spells:

 Spells                   Type           Power      Damage    Failure   Level
 Necrotise                Necr           0%         1d4       97%         1
 Vampiric Draining        Necr           0%         2d6       100%        3
 Curse of Agony           Necr           0%         N/A       100%        5
 Martyr's Knell           Necr/Summ      Unusable   N/A       N/A         4

Dungeon Overview and Level Annotations

Branches:
Dungeon (6/15)             Temple (1/1) D:4

Altars:
Ashenzari
Cheibriados
Dithmenos
Elyvilon
Fedhas
Gozag
Kikubaaqudgha
Makhleb
Nemelex Xobeh
Okawaru
Qazlal
Ru
Sif Muna
Trog
Uskayaw
Vehumet
Wu Jian
Xom
Yredelemnul
Zin

Annotations:
D:4 1 transporter, Blork the orc


Innate Abilities, Weirdness & Mutations

You cannot be hasted, slowed, berserked, paralysed or teleported.
You can dig through walls and to a lower floor.
You have a pair of large antennae on your head. (SInv)
Your four strong arms can wield two-handed weapons with a shield.


Message History

You feel drained.
The wight hits you from afar with a +2 halberd!
You feel drained.
You hit the wight.
The wight is almost destroyed.
The wight hits you but does no damage. You block the wight's attack.
The wight hits you with a +0 dire flail!
* * * LOW HITPOINT WARNING * * *
Press: ? - help, v - describe, . - travel
Here: a wight, wielding a +2 halberd and wearing a +0 robe The floor.
You feel better. The wight closely misses you.
The wight hits you but does no damage.
You closely miss the wight.
The wight is almost destroyed.
The wight hits you from afar with a +2 halberd.
You feel drained.
The wight hits you with a +0 dire flail!
* * * LOW HITPOINT WARNING * * *
The wight barely misses you.
You feel better. You block the wight's attack.
The wight hits you from afar with a +2 halberd!
* * * LOW HITPOINT WARNING * * *
You feel drained.
* * * LOW HITPOINT WARNING * * *
You feel better.
The wight hits you with a +0 dire flail.
The wight hits you from afar with a +2 halberd.
* * * LOW HITPOINT WARNING * * *
You slash the wight!
You destroy the wight!
Okawaru accepts your kill.
The wight hits you from afar with a +2 halberd.
* * * LOW HITPOINT WARNING * * *
Your Invocations skill increases to level 1!
The wight attacks as it pursues you!
The wight hits you from afar with a +2 halberd!
* * * LOW HITPOINT WARNING * * *
The wight attacks as it pursues you!
The wight hits you from afar with a +2 halberd!
You die...

#######
#.....#
#.....#######.
#.............
#...........##
#.<.<........
#..@.......#
#..........#
#...z......#.#
#............#
######...#####
#.### #.# ##)#
#..# #.## #.#


You could see a wight.

Vanquished Creatures
  Sigmund (D:2)
  An ice beast (D:5)
  A scorpion (D:5)
  A wight (D:6)
  A bombardier beetle (D:5)
  3 hounds
  A jelly (D:6)
  An orc priest (D:2)
  2 sleepcaps
  Natasha (thrice) (D:2)
  2 iguanas (D:5)
  An orc wizard (D:2)
  8 gnolls
  16 adders
  A dart slug (D:1)
  2 ribbon worms (D:2)
  4 orcs
  8 endoplasms
  7 giant cockroaches
  7 hobgoblins
  8 jackals
  7 quokkas
  4 ball pythons
  2 bats
  3 goblins
  7 kobolds
  2 rats (D:2)
104 creatures vanquished.

Notes
Turn   | Place    | Note
-------+----------+-------------------------------------------
     0 | D:1      | AlterAsc the Formicid Fighter began the quest for the Orb.
     0 | D:1      | Reached XP level 1. HP: 18/18 MP: 1/1
   180 | D:1      | Reached XP level 2. HP: 24/24 MP: 2/2
   563 | D:1      | Reached skill level 3 in Axes
   720 | D:2      | Reached XP level 3. HP: 7/29 MP: 3/3
   729 | D:1      | Reached skill level 4 in Axes
   729 | D:1      | Reached XP level 4. HP: 10/35 MP: 4/4
   870 | D:2      | Noticed Natasha
   880 | D:2      | Killed Natasha
   881 | D:2      | Reached XP level 5. HP: 21/41 MP: 5/5
  1011 | D:2      | Reached skill level 5 in Axes
  1059 | D:2      | Noticed Natasha
  1067 | D:2      | Killed Natasha
  1221 | D:2      | Noticed Sigmund
  1237 | D:2      | Killed Sigmund
  1238 | D:2      | Reached skill level 6 in Axes
  1238 | D:2      | Reached XP level 6. HP: 23/47 MP: 6/6
  1263 | D:2      | Noticed Natasha
  1272 | D:2      | Killed Natasha
  1537 | D:2      | Reached XP level 7. HP: 50/52 MP: 7/7
  1614 | D:2      | Reached skill level 7 in Axes
  2718 | D:4      | Noticed Blork the orc
  2726 | D:4      | You fall into a shaft and drop 1 floor!
  2726 | D:5      | Entered Level 5 of the Dungeon
  2993 | D:4      | Noticed a small abomination
  3354 | D:4      | Found a staircase to the Ecumenical Temple.
  3462 | Temple   | Entered the Ecumenical Temple
  3475 | Temple   | Became a worshipper of Warmaster Okawaru
  3504 | D:4      | Noticed a small abomination
  3514 | D:4      | Reached skill level 8 in Axes
  3520 | D:4      | Found a transporter.
  3847 | D:5      | Reached XP level 8. HP: 58/58 MP: 8/8
  4277 | D:5      | Reached * piety under Okawaru
  4278 | D:5      | Reached skill level 9 in Axes
  4878 | D:6      | Reached skill level 1 in Invocations
  4883 | D:6      | Slain by a wight

Illustrated notes

Levels and vault maps discovered:
D:1:      minmay_arrival_radiant_lines, layout_basic, minmay_worlds_worst_comb
D:2:      layout_loops_ring, dreamdust_mushroom_princess, uniq_natasha,
          uniq_sigmund
D:3:      layout_rooms, columned_hall_lemuel
D:4:      layout_layer_cave, minmay_temple_entry_crystal_x,
          gammafunk_ghost_abyssal_escape, nicolae_half_adder, uniq_blork_the_orc
D:5:      layout_loops_corners
D:6:      layout_rooms, nzn_hepliaklqana_mist_gate
Temple:   nicolae_temple_bog_church

Skill      XL: |  1  2  3  4  5  6  7  8 |
---------------+-------------------------+-----
Axes           | 3 4 6 8 9 |  9.6
Invocations    | 1 |  1.4
Fighting       | |  3.2
Armour         | |  3.2
Shields        | |  4.0

Action                     |  1- 3 |  4- 6 |  7- 9 || total
---------------------------+-------+-------+-------++-------
  Melee: War axe           |    44 |    59 |       ||   103
         Executioner's axe |       |    32 |   209 ||   241
Ability: Dig               |       |       |     1 ||     1
         Shaft Self        |       |       |     1 ||     1
    Use: Potion            |       |     1 |     3 ||     4
         Scroll            |       |       |     4 ||     4
 Armour: Scale mail        |    23 |    65 |   136 ||   224
         Chain mail        |       |       |    68 ||    68
  Dodge: Dodged            |    18 |    50 |   100 ||   168
  Block: Buckler           |    10 |    20 |    71 ||   101
